 Dungeon Crawl Stone Soup version 0.21-a0-94-gdd6ab6a (webtiles) character file.

16 sagitran the Grave Robber (level 2, 0/25 HPs)
             Began as a Gnoll Wanderer on July 1, 2017.
             Slain by a leopard gecko (1 damage)
             ... on level 1 of the Dungeon.
             The game lasted 00:03:28 (563 turns).

sagitran the Grave Robber (Gnoll Wanderer)           Turns: 563, Time: 00:03:29

Health: 0/25       AC:  5    Str:  8    XL:     2   Next: 54%
Magic:  5/5        EV:  6    Int: 12    God:
Gold:   22         SH:  0    Dex: 16    Spells: 3/5 levels left

rFire    . . .     SeeInvis .   b - +0 mace
rCold    . . .     Gourm    .   (no shield)
rNeg     . . .     Faith    .   c - +0 ring mail
rPois    .         Spirit   .   (no helmet)
rElec    .         Reflect  .   (no cloak)
rCorr    .         Harm     .   (no gloves)
MR       .....                  (no boots)
Stlth    +.........             (no amulet)
HPRegen  0.08/turn              (no ring)
MPRegen  0.09/turn              (no ring)

@: constricted
A: short attention span, fangs 1, strong nose
a: no special abilities


You were on level 1 of the Dungeon.
You were not hungry.

You visited 1 branch of the dungeon, and saw 1 of its levels.

You collected 22 gold pieces.

Inventory:

Hand Weapons
 b - a +0 mace (weapon)
Missiles
 h - 14 stones (quivered)
Armour
 c - a +0 ring mail (worn)
Scrolls
 f - a scroll of enchant armour {unknown}
Books
 a - a book of Necromancy

   Spells                             Type                      Level
   a - Pain                           Necromancy                   1
   b - Animate Skeleton               Necromancy                   1
   c - Vampiric Draining              Necromancy                   3
   d - Regeneration                   Charms/Necromancy            3
   e - Animate Dead                   Necromancy                   4
   f - Control Undead                 Necromancy                   4
Comestibles
 d - a bread ration
 g - a chunk of flesh


   Skills:
 + Level 4.2 Fighting
 + Level 1.9 Armour
 + Level 2.1 Spellcasting
 + Level 6.5 Necromancy
   Level 3.2 Evocations


You had 3 spell levels left.
You knew the following spells:

 Your Spells              Type           Power        Failure   Level  Hunger
a - Pain                  Necr           ###.         5%          1    ##.....
b - Animate Skeleton      Necr           N/A          5%          1    ##.....


Dungeon Overview and Level Annotations

Branches:
Dungeon (1/15)

Altars:


Innate Abilities, Weirdness & Mutations

You have a short attention span.
You have very sharp teeth.
Your uncanny sense of smell can sniff out nearby items.


Message History

The jackal bites you but does no damage. x2
The kobold hits you.
* * * LOW HITPOINT WARNING * * *
You aren't carrying any potions.
As you read the scroll labeled ESMISCH HIFUO, it crumbles to dust.
It is a scroll of recharging.
You aren't carrying any rechargeable items.
The jackal barely misses you. The leopard gecko bites you.
* * * LOW HITPOINT WARNING * * *
The ball python bites you but does no damage.
The ball python constricts you.
The jackal bites you but does no damage.
The jackal bites you.
* * * LOW HITPOINT WARNING * * *
The frilled lizard unfolds its giant frill.
The kobold hits you.
* * * LOW HITPOINT WARNING * * *
The jackal bites you but does no damage.
The leopard gecko bites you.
You die...

...................#
#...#....(.......##
#..........$....... #
#..................
.#.###......##..........
................l...####
..$.....s.g..#).......##
#...gSl.(..#....#.###.
.##.@hgl.......#..#..
#lKhh...#....###.#..
#....gg..##....# .#..
....##.....#.....# .#..
### #............. ##.
.....##....... #..
....... ..# #..
#..K#.... .. #.. ##.


You could see a leopard gecko, 3 jackals, a giant cockroach, 3 hobgoblins, 2
goblins, a ball python, 2 kobolds and 2 frilled lizards.

Vanquished Creatures
  A dart slug (D:1)
  A leopard gecko (D:1)
  A goblin (D:1)
  A hobgoblin (D:1)
  A jackal (D:1)
  A bat (D:1)
  2 kobolds (D:1)
  A rat (D:1)
9 creatures vanquished.

Vanquished Creatures (collateral kills)
  2 giant cockroaches (D:1)
  A kobold (D:1)
3 creatures vanquished.

Grand Total: 12 creatures vanquished

Notes
Turn   | Place    | Note
-------+----------+-------------------------------------------
     0 | D:1      | sagitran the Gnoll Wanderer began the quest for the Orb.
     0 | D:1      | sagitran set off with: a book of Necromancy, a +0 mace, a +0 ring mail, a bread ration
     0 | D:1      | Reached XP level 1. HP: 18/18 MP: 3/3
     2 | D:1      | Learned a level 1 spell: Pain
     4 | D:1      | Learned a level 1 spell: Animate Skeleton
   205 | D:1      | Reached XP level 2. HP: 11/25 MP: 0/4
   563 | D:1      | HP: 1/25 [kobold (1)]
   563 | D:1      | Slain by a leopard gecko

Vault maps used:
D:1:      dpeg_chamrin_arrival_tetris, minmay_pentomino_r4

Skill      XL: |  1  2 |
---------------+-------+-----
Fighting       | 4 |  4.2
Spellcasting   | 2 |  2.1
Armour         | |  1.9
Necromancy     | |  6.5
Evocations     | |  3.2

Action                   || total
-------------------------++-------
Melee: Mace              ||    31
       Bite              ||     4
 Cast: Pain              ||     7
       Animate Skeleton  ||     1
  Use: Scroll            ||     1
       Potion            ||     1
Armor: Ring mail         ||    29
Dodge: Dodged            ||    53
